 Dungeon Crawl Stone Soup version 0.30-a0-782-ge64f9170bb (webtiles) character file.

Game seed: 5985654452255721008

324200 Flugkiller the Eclecticist (level 20, -6/111 HPs)
             Began as a Deep Elf Delver on Mar 4, 2023.
             Was the Champion of Hepliaklqana.
             Mangled by a vampire knight
             ... wielding a +0 bardiche
              (32 damage)
             ... on level 2 of the Vaults.
             The game lasted 01:34:53 (45727 turns).

Flugkiller the Eclecticist (Deep Elf Delver)       Turns: 45727, Time: 01:34:54

Health: -6/111     AC: 13    Str:  9    XL:     20   Next: 71%
Magic:  25/45      EV: 40    Int: 30    God:    Hepliaklqana [******]
Gold:   2322       SH:  8    Dex: 18    Spells: 28/57 levels left

rFire   + . .      SeeInvis .    r - staff of death
rCold   . . .      Faith    .    W - +2 buckler
rNeg    + + .      Spirit   .    L - +0 troll leather armour
rPois   .          Reflect  .    k - +0 hat "Bittesko" {Int+3}
rElec   +          Harm     .    o - +2 cloak
rCorr   .          Rampage  .    B - +2 pair of gloves
Will    ++...                    e - +2 pair of boots
Stlth   +++                      U - amulet of Recklessness {Acrobat Int+4}
HPRegen 1.18/turn                P - ring "Zaneell" {rElec rF+ rN+}
MPRegen 0.29/turn                v - +5 ring of evasion

@: acrobatic, studying Unarmed Combat
A: reduced essence
}: 2/15 runes: decaying, serpentine
a: Renounce Religion, Recall Ancestor, Ancestor Identity, Transference, Idealise


You were on level 2 of the Vaults.
You worshipped Hepliaklqana.
Hepliaklqana was exalted by your worship.
You visited 7 branches of the dungeon, and saw 33 of its levels.
You also visited: Bailey, Gauntlet, Ice Cave and Wizlab.

You collected 3475 gold pieces.
You spent 1153 gold pieces at shops.

Inventory:

Hand Weapons
 i - the +2 whip of the Spheres {drain, Int+3 Dex+5}
   (You found it on level 1 of the Vaults)

   Int:       It affects your intelligence (+3).
   Dex:       It affects your dexterity (+5).
Missiles
 E - 22 curare-tipped darts (quivered)
 J - 4 throwing nets
Armour
 e - a +2 pair of boots (worn)
   (You found it on level 2 of the Lair of Beasts)
 k - the +0 hat "Bittesko" (worn) {Int+3}
   (You found it in a Gauntlet)

   Int:       It affects your intelligence (+3).
 o - a +2 cloak (worn)
   (You found it on level 1 of the Dungeon)
 B - a +2 pair of gloves (worn)
   (You found it on level 7 of the Dungeon)
 L - a +0 troll leather armour (worn)
   (You found it on level 9 of the Dungeon)
 W - a +2 buckler (worn)
   (You bought it in a shop on level 2 of the Orcish Mines)
Magical Staves
 r - a staff of death (weapon)
   (You acquired it on level 3 of the Swamp)
Jewellery
 c - a ring of protection from cold
   (You found it in an ice cave)
 f - a ring of protection from fire
   (You found it on level 1 of the Swamp)
 l - a +6 ring of intelligence
   (You found it on level 1 of the Dungeon)
 p - a +4 ring of protection
   (You found it on level 4 of the Lair of Beasts)
 v - a +5 ring of evasion (right hand)
   (You bought it in a shop on level 4 of the Dungeon)
 P - the ring "Zaneell" (left hand) {rElec rF+ rN+}
   (You took it off a minotaur in a Gauntlet)

   [ring of positive energy]

   rF:        It protects you from fire.
   rElec:     It insulates you from electricity.
   rN:        It protects you from negative energy.
 U - the amulet of Recklessness (around neck) {Acrobat Int+4}
   (You acquired it on level 2 of the Orcish Mines)

   [amulet of the acrobat]

   It increases your evasion while moving and waiting.
   Int:       It affects your intelligence (+4).
Wands
 g - a wand of digging (11)
 F - a wand of acid (4)
   (You found it in a bailey)
 H - a wand of paralysis (25)
   (You found it on level 8 of the Dungeon)
 V - a wand of mindburst (19)
   (You found it on level 2 of the Lair of Beasts)
Scrolls
 j - a scroll of silence
 m - 6 scrolls of poison
 t - 15 scrolls of teleportation
 x - a scroll of enchant armour
 y - 4 scrolls of torment
 z - 2 scrolls of blinking
 D - 5 scrolls of immolation
 I - 4 scrolls of magic mapping
 K - 3 scrolls of amnesia
 R - a scroll of fear
 Z - 2 scrolls of fog
Potions
 a - 4 potions of attraction
 b - 3 potions of magic
 d - 3 potions of might
 h - 3 potions of haste
 n - 3 potions of resistance
 q - 13 potions of curing
 s - 7 potions of mutation
 u - 4 potions of cancellation
 w - a potion of heal wounds
 A - 8 potions of brilliance
 C - 2 potions of flight
 O - 2 potions of lignification
 Q - a potion of berserk rage
 X - 5 potions of invisibility
Miscellaneous
 G - a condenser vane
   (You found it on level 5 of the Lair of Beasts)
 M - a phantom mirror
   (You found it in a wizard's laboratory)


   Skills:
 - Level 13.0 Fighting
 - Level 2.0 Short Blades
 - Level 15.0 Dodging
 - Level 6.0 Stealth
 - Level 5.0 Shields
 + Level 19.3 Spellcasting
 - Level 11.0 Hexes
 + Level 18.4 Summonings
 - Level 14.0 Necromancy
 - Level 5.0 Translocations
 - Level 10.0 Transmutations
 - Level 10.0 Earth Magic
 - Level 10.0 Invocations
 - Level 8.0 Evocations


You had 28 spell levels left.
You knew the following spells:

 Your Spells              Type           Power      Damage    Failure   Level
a - Summon Mana Viper     Hex/Summ       87%        N/A       1%          5
b - Summon Forest         Summ/Tloc      39%        N/A       1%          5
c - Summon Cactus Giant   Summ           48%        N/A       1%          6
d - Haunt                 Necr/Summ      56%        N/A       2%          7
e - Statue Form           Tmut/Erth      48%        N/A       6%          6

Your spell library contained the following spells:

 Spells                   Type           Power      Damage    Failure   Level
 Necrotise                Necr           100%       1d9       0%          1
 Summon Small Mammal      Summ           100%       N/A       0%          1
 Call Imp                 Summ           96%        N/A       0%          2
 Call Canine Familiar     Summ           96%        N/A       0%          3
 Kiss of Death            Conj/Necr      100%       2d13      1%          1
 Sting                    Tmut/Pois      100%       1d8       1%          1
 Blink                    Tloc           100%       N/A       1%          2
 Cigotuvi's Dreadful Rot  Necr/Pois/Air  100%       N/A       1%          2
 Ensorcelled Hibernation  Hex/Ice        100%       N/A       1%          2
 Lesser Beckoning         Tloc           100%       N/A       1%          2
 Momentum Strike          Conj/Tloc      88%        3d10      1%          2
 Passwall                 Tmut/Erth      60%        N/A       1%          2
 Confusing Touch          Hex            76%        N/A       1%          3
 Dazzling Flash           Conj/Hex       100%       N/A       1%          3
 Ignite Poison            Fire/Tmut/Pois 49%        N/A       1%          3
 Inner Flame              Hex/Fire       58%        N/A       1%          3
 Spider Form              Tmut/Pois      56%        N/A       1%          3
 Stone Arrow              Conj/Erth      100%       3d13      1%          3
 Summon Guardian Golem    Hex/Summ       87%        N/A       1%          3
 Anguish                  Hex/Necr       51%        N/A       1%          4
 Animate Armour           Summ/Erth      100%       N/A       1%          4
 Dispel Undead            Necr           100%       3d31      1%          4
 Summon Lightning Spire   Summ/Air       71%        N/A       1%          4
 Blade Hands              Tmut           36%        N/A       1%          5
 Borgnjor's Vile Clutch   Necr/Erth      50%        N/A       1%          5
 Summon Hydra             Summ           48%        N/A       1%          7
 Magic Dart               Conj           100%       1d8       2%          1
 Shock                    Conj/Air       100%       1d9       2%          1
 Poisonous Vapours        Pois/Air       58%        N/A       3%          2
 Kindle Blastsparks       Fire/Tloc/Air  78%        2d16      3%          3
 Ice Form                 Ice/Tmut       56%        N/A       3%          4
 Mephitic Cloud           Conj/Pois/Air  29%        N/A       7%          3
 Swiftness                Air            29%        N/A       7%          3
 Silence                  Hex/Air        29%        N/A       7%          5
 Iskenderun's Mystic Bla  Conj/Tloc      44%        2d10      9%          4
 Alistair's Intoxication  Tmut/Pois      37%        N/A       9%          5
 Irradiate                Conj/Tmut      28%        3d21      9%          5
 Simulacrum               Ice/Necr       41%        N/A       21%         6
 Enfeeble                 Hex            38%        N/A       22%         7
 Airstrike                Air            14%        2d(3-19)  24%         4
 Olgreb's Toxic Radiance  Pois           29%        N/A       24%         4
 Dragon Form              Tmut           36%        N/A       32%         7
 Eringya's Noxious Bog    Tmut/Pois      28%        N/A       43%         6
 Fireball                 Conj/Fire      14%        3d8       54%         5
 Freezing Cloud           Conj/Ice/Air   14%        6-21      54%         5
 Iskenderun's Battlesphe  Conj           29%        2d8       54%         5
 Necromutation            Tmut/Necr      50%        N/A       75%         8
 Dragon's Call            Summ           48%        N/A       77%         9
 Conjure Ball Lightning   Conj/Air       14%        3x3d6     98%         6
 Starburst                Conj/Fire      14%        6d6       98%         6
 Orb of Destruction       Conj           14%        9d7       100%        7
 Ozocubu's Refrigeration  Ice            14%        4d10      100%        7
 Ignition                 Fire           14%        3d6       100%        8
 Polar Vortex             Ice            14%        N/A       100%        9


Dungeon Overview and Level Annotations

Branches:
Dungeon (15/15) Zot: 25038  Temple (1/1) D:4 Zot: 5897    Lair (5/5) D:11 Zot: 22734
  Swamp (4/4) Lair:3 Zot: 18927   Snake (4/4) Lair:2 Zot: 16616   Slime (0/5) Lair:5
    Orc (2/2) D:10 Zot: 10332     Elf (0/3) Orc:2        Vaults (2/5) D:14 Zot: 8773
  Crypt (0/3) Vaults:2     Depths (0/4) D:15         Bailey (visited)
  IceCv (visited)          WizLab (visited)         Gauntlet (visited)

Altars:
Ashenzari
Cheibriados
Dithmenos
Elyvilon
Fedhas
Gozag
Hepliaklqana
Kikubaaqudgha
Makhleb
Nemelex Xobeh
Okawaru
Qazlal
Ru
Sif Muna
Trog
Uskayaw
Vehumet
Wu Jian
Xom
Yredelemnul
Zin
The Shining One
Jiyva

Shops:
D:2 (   D:4 *   D:5 (   Orc:2 !!([   Snake:1 *

Portals:
Trove: D:12 (give horn of Geryon)

Annotations:
D:14 2 transporters, Taant's ghost, journeyman GrEE
D:15 3 runed translucent doors, Koud Lun's ghost, adept DjCj
Swamp:2 3 runed translucent doors, Qiekomn's ghost, journeyman DsBe
Snake:3 3 runed translucent doors, Ofax's ghost, adept VSFi


Message History

Your wraith hits the dire elephant but does no damage.
Your wraith hits the dire elephant!
The dire elephant dies!
You start resting.
Your wraith disappears in a puff of smoke! x3
Your phantasmal warrior disappears in a puff of smoke!
Your wraith disappears in a puff of smoke!
Your shadow wraith disappears in a puff of smoke!
Ancestor HP restored.
You start resting.
Lici is no longer moving quickly.
There is an open door, spattered with blood here.
You pick up a book of Spectacle and begin reading...
You add the spells Dazzling Flash, Iskenderun's Mystic Blast and Starburst to your library.
You swap places.
You open the large door.
Found a stone staircase leading down.
Magic restored.
There is a large open door here.
You swap places.
There is a large open door here.
You open the door. 2 skeletal warriors, a vampire knight and a curse skull come into view.
The curse skull gives a chilling moan.
The vampire knight shouts!
The vampire knight casts a spell.
The vampire knight flickers and vanishes!
Deactivating autopickup; reactivate with Ctrl-A.
Found a staircase to the Crypt.
Casting: Haunt (dangerous; 2% risk of failure)
Confirm with . or Enter, or press ? or * to list all spells.
The curse skull calls on the powers of darkness!
Your body is wracked with pain!
Lici barely misses the curse skull.
Unknown command.
Unknown command.
Lici hits the curse skull but does no damage.
Something hits Lici!
Something is struck by your cactus giant's spines.
Something completely misses your cactus giant.
Something bites your cactus giant!
Your cactus giant hits the curse skull with a +0 giant spiked club!!
Something hits your cactus giant!! Something bites your cactus giant!
Hepliaklqana grants Lici healing and protection!
Lici is fully restored!
The skeletal warrior closely misses Lici.
Your cactus giant barely misses the skeletal warrior.
The skeletal warrior hits Lici but does no damage.
Something is struck by your cactus giant's spines.
Something hits your cactus giant!!
Your cactus giant is destroyed!
Your cactus giant disappears in a puff of smoke!
The skeletal warrior hits Lici but does no damage.
Lici barely misses the skeletal warrior.
Lici hits the skeletal warrior with a +0 lajatang of freezing!!!
The skeletal warrior is destroyed!
The curse skull rattles its jaw.
Something barely misses you.
The curse skull calls on the powers of darkness!
Your body is wracked with pain!
Unknown command.
Casting: Summon Cactus Giant (mildly dangerous; 1% risk of failure)
Confirm with . or Enter, or press ? or * to list all spells.
Aiming: Haunt (dangerous; 2% risk of failure)
Press: ? - help, Dir - move target, f - curse skull
Aim: a curse skull (lightly damaged)
You feel a surge of power!
Insubstantial figures form in the air.
Something claws your freezing wraith! Something claws your freezing wraith.
You block something's attack.
Casting: Haunt (dangerous; 2% risk of failure)
Confirm with . or Enter, or press ? or * to list all spells.
Aiming: Haunt (dangerous; 2% risk of failure)
Press: ? - help, Dir - move target, f/p - curse skull
Aim: a curse skull (lightly damaged, ally target)
You feel a surge of power!
Insubstantial figures form in the air.
Something hits you!!
* * * LOW HITPOINT WARNING * * *
Something claws your freezing wraith but does no damage.
Something claws your freezing wraith!
The curse skull calls on the powers of darkness!
Your body is wracked with pain!
* * * LOW HITPOINT WARNING * * *
Your phantasmal warrior hits the curse skull!!
Your shadow wraith completely misses something.
Your freezing wraith hits the curse skull but does no damage.
Your freezing wraith hits the curse skull!
Your freezing wraith drains the curse skull's vigour!
The curse skull seems to slow down.
Unknown command.
You feel much better. Something claws your freezing wraith!
Something claws your freezing wraith!!
Your freezing wraith is destroyed!
Your freezing wraith disappears in a puff of smoke!
Something hits you!
The curse skull calls on the powers of darkness!
Your body is wracked with pain!
* * * LOW HITPOINT WARNING * * *
Your phantasmal warrior hits the curse skull!!
The curse skull is destroyed!
The jiangshi disappears in a puff of smoke!
Something hits you!!
You die...

#. ##+ ##########
#.. ...#..... #..
##### ..#...†.
#.###...###.#.....
#.#.......#.#.....
#.#...>...#.'.....
#.# ...{..#.#.....
#@###...###.######
#.W{##'##...#
#RWW)W......#
########WW######+##
#.......W.#
+.........#
#.........#
#.....>...#
#.........#


You could see the friendly Lici the battlemage (idealised), 2 friendly shadow
wraiths, 2 friendly phantasmal warriors, a friendly freezing wraith (summoned)
and 2 friendly wraiths.

Vanquished Creatures
  A vault warden (Vaults:1)
  An orc warlord (Orc:2)
  2 very ugly things (Vaults:1)
  A hydra (Swamp:4)
  A boulder beetle (D:11)
  A centaur warrior (Vaults:2)
  2 shock serpents (Snake:4)
  A deep troll (Vaults:1)
  A mana viper (Snake:1)
  An ugly thing (D:14)
  2 salamanders (Snake:4)
  2 black mambas
  2 cane toads
  A rime drake (Lair:2)
  A tyrant leech (Swamp:4)
  2 blink frogs (Lair:4)
  A yak (D:10)
  A vampire mosquito (D:10)
  A water moccasin (D:7)
  3 orc warriors (Orc:2)
  3 ogres
  2 centaurs (D:10)
  A jelly (D:8)
  An orc priest (Orc:2)
  A gnoll bouda (D:6)
  An orc wizard (Orc:2)
  A hell rat (Lair:3)
  2 dart slugs
  6 orcs
  3 bats
  3 endoplasms
  A giant cockroach (D:4)
  2 goblins
  3 hobgoblins
  8 jackals
  A quokka (D:2)
  4 ball pythons
  A frilled lizard (D:2)
  2 kobolds
  A rat (D:1)
75 creatures vanquished.

Vanquished Creatures (collateral kills)
  the Lernaean hydra (Swamp:4)
  Saint Roka (Snake:4)
  2 tentacled monstrosities (Swamp:4)
  Mlioglotl (Swamp:3)
  A walking earthen tome (WizLab)
  Gastronok (Lair:3)
  Kirke (D:12)
  A sphinx (Vaults:2)
  Donald (Snake:1)
  2 strange machines (WizLab)
  A thorn hunter (Swamp:3)
  2 nagarajas
  A fenstrider witch (Swamp:1)
  3 vault wardens (Vaults:2)
  Aizul (Snake:4)
  An orc warlord (Orc:2)
  A curse skull (Vaults:2)
  2 very ugly things (Vaults:1)
  6 ironbound preservers
  2 ironbound thunderhulks
  3 eleionomae (Swamp:4)
  14 dire elephants
  A white draconian (IceCv)
  7 bunyips
  Azrael (D:14)
  A minotaur (Gauntlet)
  An ettin (D:15)
  A shambling mangrove (Swamp:3)
  A fire dragon (D:15)
  A great orb of eyes (Vaults:1)
  5 rakshasas (WizLab)
  9 vault guards
  18 hydras
  Harold (D:11)
  3 ironbound frosthearts
  An ogre mage (D:15)
  3 catoblepae
  3 ghost crabs
  5 salamander tyrants (Snake:4)
  10 anacondas
  9 centaur warriors
  The ghost of p0werm0de the Trooper, a novice DrFi of Okawaru (D:8)
  5 alligators
  12 death yaks
  5 two-headed ogres
  11 naga warriors
  A tengu warrior (D:15)
  4 shock serpents
  An orc high priest (Orc:2)
  15 dancing weapons (WizLab)
  13 boulder beetles
  14 naga sharpshooters
  Sonja (D:12)
  A soul eater (D:15)
  3 sun demons (D:15)
  Amaemon (Lair:2)
  A sixfirhy (D:15)
  2 goliath frogs
  9 skeletal warriors
  5 salamander mystics
  A spectral death yak (Lair:5)
  A skyshark (Lair:5)
  10 swamp dragons
  24 deep trolls
  A spectral anaconda (Lair:5)
  3 spriggan druids
  An obsidian statue (Lair:5)
  15 bog bodies
  5 naga ritualists
  An orange crystal statue (D:15)
  A wizard (Vaults:1)
  5 lindwurms
  3 deep elf pyromancers
  3 ironbound convokers (Vaults:2)
  A mana viper (shapeshifter) (D:15)
  6 orc knights
  The ghost of nidavellir the Slasher, a novice HuFi of Elyvilon (D:5)
  6 necromancers
  3 orc sorcerers
  14 ugly things
  14 mana vipers
  28 salamanders
  4 manticores
  6 cyclopes
  4 will-o-the-wisps
  A worldbinder (Gauntlet)
  26 black mambas
  9 nameless horrors
  20 elephants
  2 dire elephant zombies (Lair:5)
  16 naga magi
  A smoke demon (D:15)
  8 cane toads
  A molten gargoyle (Gauntlet)
  A black mamba (shapeshifter) (D:13)
  3 vault sentinels
  2 gargoyles
  2 ice statues (IceCv)
  A frost giant skeleton (Vaults:2)
  11 guardian serpents
  2 orange demons
  An elf zombie (Vaults:2)
  8 rime drakes
  A kobold demonologist (D:12)
  13 komodo dragons
  A guardian mummy (D:12)
  15 yaktaurs
  2 ice devils (D:12)
  3 meliai (D:15)
  12 tyrant leeches
  6 trolls
  A shadow dragon simulacrum (Vaults:2)
  2 polar bears
  17 blink frogs
  7 hornets
  2 spectral elephants (Lair:5)
  13 slime creatures
  A raiju (Gauntlet)
  An ettin zombie (Vaults:2)
  6 spriggans
  3 wraiths
  18 basilisks
  50 yaks
  A human simulacrum (Vaults:2)
  2 fire elementals (D:14)
  7 wyverns
  5 hogs (D:12)
  16 vampire mosquitoes
  7 steam dragons
  10 wargs
  A death yak simulacrum (Lair:5)
  14 swamp worms
  Menkaure (D:4)
  A spectral cane toad (Lair:5)
  27 nagas
  6 water moccasins
  6 hell hounds (D:14)
  9 swamp drakes
  32 orc warriors
  3 ice beasts
  A sky beast (D:7)
  3 black bears
  An elephant zombie (Lair:5)
  3 centaurs
  17 wolves
  8 ogres
  2 boggarts (Gauntlet)
  An elephant skeleton (Lair:5)
  3 phantoms
  11 kobold brigands
  10 bullfrogs
  A gnoll sergeant (D:7)
  4 scorpions
  4 wights (D:7)
  3 lindwurm simulacra (IceCv)
  A killer bee (D:10)
  An elephant simulacrum (Lair:5)
  2 howler monkeys
  2 electric eels (Lair:2)
  8 crimson imps
  5 komodo dragon simulacra (IceCv)
  2 gnoll boudas
  6 jellies
  21 orc priests
  3 hounds
  3 iguanas
  6 hell rats (Lair:3)
  25 orc wizards
  17 gnolls
  8 acid dragon simulacra (IceCv)
  8 adders
  2 shadow imps
  4 white imps
  5 steam dragon simulacra (IceCv)
  A worm (D:2)
  A dart slug (D:3)
  111 orcs
  5 endoplasms
  3 giant cockroaches
  4 hobgoblins
  A jackal (D:1)
  A quokka (D:5)
  5 ball pythons
  3 bats
  2 frilled lizards
  5 goblins
  37 kobolds
  3 rats (D:3)
  2 bushes
  A butterfly (Lair:3)
1219 creatures vanquished.

Vanquished Creatures (others)
  A rime drake (Lair:1)
  2 bloated husks
  A gnoll (D:7)
  91 battlemagi
  4 ancestors
  2 bushes (Lair:4)
  3 demonic plants (D:15)
  9 foxfires
  48 fungi
  65 plants
  25 snaplasher vines
  28 withered plants (Lair:5)
279 creatures vanquished.

Grand Total: 1573 creatures vanquished

Notes
Turn   | Place    | Note
-------+----------+-------------------------------------------
     0 | D:5      | Flugkiller the Deep Elf Delver began the quest for the Orb.
     0 | D:5      | Reached XP level 1. HP: 13/13 MP: 3/3
    14 | D:5      | Noticed a hound
    19 | D:5      | Noticed a black bear
    69 | D:5      | Noticed an ice beast
   155 | D:5      | Noticed a scorpion
   188 | D:4      | Found a staircase to the Ecumenical Temple.
   209 | Temple   | Entered the Ecumenical Temple
   293 | Temple   | Became a worshipper of Hepliaklqana the Forgotten
   324 | D:4      | Found a hide-covered altar of Uskayaw.
   350 | D:4      | Noticed a jelly
   352 | D:4      | Noticed a jelly
   570 | D:1      | Reached * piety under Hepliaklqana
   683 | D:1      | Reached XP level 2. HP: 14/14 MP: 4/4
  1394 | D:1      | Reached XP level 3. HP: 19/19 MP: 5/5
  1939 | D:2      | Found Raclauna's Weapon Emporium.
  2517 | D:2      | Reached ** piety under Hepliaklqana
  2518 | D:2      | Remembered your ancestor Lici as a battlemage
  2772 | D:3      | Found an ancient bone altar of Kikubaaqudgha.
  2792 | D:3      | Reached XP level 4. HP: 25/25 MP: 6/6
  3035 | D:3      | Found an iron altar of Okawaru.
  3045 | D:3      | Found a faded altar of an unknown god.
  3339 | D:3      | Found a shimmering blue altar of Sif Muna.
  3625 | D:4      | Reached skill level 1 in Spellcasting
  3625 | D:4      | Reached skill level 1 in Hexes
  3625 | D:4      | Reached XP level 5. HP: 29/29 MP: 6/8
  3658 | D:4      | Noticed Menkaure
  3760 | D:4      | Reached skill level 1 in Summonings
  3768 | D:4      | Noticed an ogre
  3772 | D:4      | Reached skill level 2 in Spellcasting
  3784 | D:4      | Found Betutup's General Store.
  3862 | D:4      | Killed Menkaure
  3863 | D:4      | Reached skill level 3 in Spellcasting
  3863 | D:4      | Reached XP level 6. HP: 21/34 MP: 10/12
  4572 | D:4      | Reached *** piety under Hepliaklqana
  4596 | D:4      | Learned a level 5 spell: Summon Mana Viper
  4671 | D:5      | Noticed nidavellir's ghost (novice HuFi)
  4733 | D:5      | Reached skill level 1 in Invocations
  4733 | D:5      | Reached XP level 7. HP: 38/38 MP: 10/14
  4738 | D:5      | Found a runed translucent door.
  4855 | D:5      | Found Copugh's Antique Weapon Emporium.
  5110 | D:5      | Reached skill level 4 in Spellcasting
  5110 | D:5      | Reached skill level 5 in Hexes
  5771 | D:5      | Reached skill level 5 in Spellcasting
  5771 | D:5      | Reached XP level 8. HP: 43/43 MP: 17/17
  5954 | D:5      | Killed nidavellir's ghost
  5955 | D:5      | Reached skill level 6 in Spellcasting
  5955 | D:5      | Reached skill level 5 in Summonings
  6826 | D:6      | Identified the amulet "Arruubos" {Spirit -Cast rElec rN+
                  | Regen+}
  6857 | D:6      | Reached XP level 9. HP: 46/46 MP: 20/20
  7534 | D:6      | Reached **** piety under Hepliaklqana
  7589 | D:6      | Identified the ring of Naejio {Wiz rC- rN+++}
  8769 | D:7      | Reached skill level 10 in Hexes
  9248 | D:7      | Reached XP level 10. HP: 52/52 MP: 13/21
  9708 | D:8      | Reached skill level 5 in Fighting
  9718 | D:8      | Found a flagged portal.
  9727 | Bailey   | Entered a bailey
  9776 | Bailey   | Identified the +2 quarterstaff of Gehenna {freeze, *Rage
                  | +Blink Str+3}
  9834 | Bailey   | Noticed an orc knight
  9876 | Bailey   | Killed an orc knight
  9877 | Bailey   | Reached skill level 5 in Dodging
  9877 | Bailey   | Reached skill level 10 in Summonings
  9988 | Bailey   | Found an iron altar of Okawaru.
 10429 | D:8      | Reached skill level 1 in Evocations
 10524 | D:8      | Found a runed translucent gate.
 10524 | D:8      | Found a runed translucent gate.
 10526 | D:8      | Found a runed translucent gate.
 10532 | D:8      | Noticed a boulder beetle
 10543 | D:8      | Killed a boulder beetle
 10544 | D:8      | Reached skill level 5 in Invocations
 10576 | D:8      | Noticed p0werm0de's ghost (novice DrFi)
 10805 | D:8      | Found a viscous altar of Jiyva.
 10842 | D:8      | Killed p0werm0de's ghost
 10843 | D:8      | Reached XP level 11. HP: 57/57 MP: 16/22
 11214 | D:9      | Identified the +2 falchion of Teguox {freeze, rCorr Str+3
                  | SInv}
 11394 | D:9      | Found a broken altar of Ashenzari.
 11570 | D:9      | Learned a level 5 spell: Summon Forest
 11581 | D:10     | Entered Level 10 of the Dungeon
 11635 | D:10     | Reached skill level 1 in Translocations
 11656 | D:10     | Learned a level 6 spell: Summon Cactus Giant
 11815 | D:10     | Found a stormy altar of Qazlal.
 11874 | D:10     | Reached skill level 5 in Evocations
 12010 | D:10     | Found a radiant altar of Vehumet.
 12010 | D:10     | Found a burning altar of Makhleb.
 12123 | D:10     | Found a staircase to the Orcish Mines.
 12151 | D:10     | Reached skill level 7 in Spellcasting
 12646 | D:10     | Reached ***** piety under Hepliaklqana
 12702 | D:11     | Noticed a death yak
 12714 | D:11     | Killed a death yak
 12715 | D:11     | Noticed a boulder beetle
 12716 | D:11     | Noticed a death yak
 12717 | D:11     | Noticed a death yak
 12723 | D:11     | Killed a death yak
 12724 | D:11     | Reached skill level 8 in Spellcasting
 12729 | D:11     | Killed a death yak
 12730 | D:11     | Reached skill level 5 in Translocations
 12737 | D:11     | Killed a boulder beetle
 12837 | D:11     | Noticed Harold
 12849 | D:11     | Killed Harold
 12850 | D:11     | Reached XP level 12. HP: 63/63 MP: 17/26
 12934 | D:11     | Noticed a two-headed ogre
 12941 | D:11     | Killed a two-headed ogre
 13035 | D:11     | Found a staircase to the Lair.
 13429 | D:4      | Bought a +5 ring of evasion for 504 gold pieces
 13588 | Lair:1   | Entered Level 1 of the Lair of Beasts
 13640 | Lair:1   | Reached skill level 9 in Spellcasting
 13749 | Lair:1   | Reached skill level 10 in Spellcasting
 13753 | Lair:1   | Noticed a catoblepas
 13798 | Lair:1   | Reached skill level 11 in Spellcasting
 14106 | Lair:1   | Noticed a boulder beetle
 14139 | Lair:1   | Killed a boulder beetle
 14168 | Lair:1   | Killed a catoblepas
 14927 | Lair:2   | Identified the +0 shortbow of the Thoughtful Allies
                  | {antimagic, Will+ Dex-5 SInv}
 14978 | Lair:2   | Noticed Amaemon
 15000 | Lair:2   | Killed Amaemon
 15278 | Lair:2   | Found a staircase to the Snake Pit.
 16069 | Lair:3   | Reached XP level 13. HP: 70/70 MP: 13/30
 16223 | Lair:3   | Noticed Gastronok
 16233 | Lair:3   | Killed Gastronok
 16375 | Lair:3   | Identified a scroll of acquirement
 16401 | Lair:3   | Identified the +2 robe "Nezxyug" {Harm rF- Str-3 Int+9}
 16414 | Lair:3   | Found a staircase to the Swamp.
 16502 | Lair:3   | Reached skill level 10 in Dodging
 17192 | Lair:4   | Reached ****** piety under Hepliaklqana
 17278 | Lair:4   | Reached skill level 10 in Invocations
 18094 | Lair:5   | Entered Level 5 of the Lair of Beasts
 18159 | Lair:5   | Reached XP level 14. HP: 75/75 MP: 18/31
 18186 | Lair:5   | Reached skill level 12 in Spellcasting
 18988 | Lair:5   | Found a viscous altar of Jiyva.
 18988 | Lair:5   | Found a staircase to the Slime Pits.
 19280 | Lair:5   | Reached skill level 10 in Fighting
 19283 | Lair:5   | Reached skill level 15 in Summonings
 19744 | Lair:5   | Got Kikubaaqudgh's Incunabulum of Zombies
 20561 | Orc:1    | Entered Level 1 of the Orcish Mines
 20644 | Orc:2    | Entered Level 2 of the Orcish Mines
 20644 | Orc:2    | Noticed an orc warlord
 20663 | Orc:2    | Killed an orc warlord
 20948 | Orc:2    | Found a staircase to the Elven Halls.
 20973 | Orc:2    | Reached XP level 15. HP: 83/83 MP: 21/33
 21646 | Orc:2    | Found Bifyech's Distillery.
 21651 | Orc:2    | Bought a potion of heal wounds for 65 gold pieces
 21651 | Orc:2    | Bought a potion of heal wounds for 65 gold pieces
 21780 | Orc:2    | Found Fucsatt's Distillery.
 21788 | Orc:2    | Bought a potion of lignification for 45 gold pieces
 21853 | Orc:2    | Found Zoun's Antique Weapon Shop.
 21855 | Orc:2    | Found Ripagag's Antique Armour Boutique.
 21981 | Orc:2    | Bought a fine mace for 168 gold pieces
 21981 | Orc:2    | Identified the +1 mace of the Bear {heavy, +Blink rCorr}
                  | (You bought it in a shop on level 2 of the Orcish Mines)
 21988 | Orc:2    | Bought a shiny buckler for 157 gold pieces
 21996 | Orc:2    | Acquired the amulet of Recklessness {Acrobat Int+4}
 22011 | Orc:2    | Bought a glowing robe for 77 gold pieces
 22387 | D:12     | Noticed Sonja
 22392 | D:12     | Killed Sonja
 22594 | D:12     | Found a frozen archway.
 22616 | IceCv    | Entered an ice cave
 22921 | IceCv    | Reached skill level 1 in Necromancy
 23503 | D:12     | Noticed Kirke
 23506 | D:12     | Killed Kirke
 23592 | D:12     | Found a portal to a secret trove of treasure.
 24006 | D:12     | Got the Omnibus of the Mortuary and the Mantle
 24241 | D:13     | Found a gate leading to a gauntlet.
 24250 | Gauntlet | Entered a Gauntlet
 24250 | Gauntlet | Found a transporter.
 24257 | Gauntlet | Found a transporter.
 24259 | Gauntlet | Found a transporter.
 24272 | Gauntlet | Found a transporter.
 24273 | Gauntlet | Found a transporter.
 24276 | Gauntlet | Found a runed translucent door.
 24278 | Gauntlet | Found a runed translucent door.
 24280 | Gauntlet | Found a transporter.
 24296 | Gauntlet | Found a transporter.
 24308 | Gauntlet | Found a transporter.
 24320 | Gauntlet | Found a transporter.
 24321 | Gauntlet | Found a runed translucent door.
 24322 | Gauntlet | Found a runed translucent door.
 24325 | Gauntlet | Found a transporter.
 24325 | Gauntlet | Found a transporter.
 24353 | Gauntlet | Found a transporter.
 24353 | Gauntlet | Found a transporter.
 24404 | Gauntlet | Found a transporter.
 24407 | Gauntlet | Found a runed translucent door.
 24684 | Gauntlet | Identified the +0 hat "Bittesko" {Int+3}
 24695 | Gauntlet | Reached skill level 13 in Spellcasting
 24745 | Gauntlet | Identified the ring "Zaneell" {rElec rF+ rN+}
 24885 | Gauntlet | Identified the ring "Fiane" {Fly rC+ Int-4 Dex+3}
 24886 | Gauntlet | Got the Annotations on Gathered Toxicants
 24981 | D:13     | Reached skill level 5 in Necromancy
 25828 | D:14     | Noticed Taant's ghost (journeyman GrEE)
 25829 | D:14     | Found a bloodstained altar of Trog.
 25830 | D:14     | Found a transporter.
 25848 | D:14     | Found a transporter.
 25865 | D:14     | Reached skill level 14 in Spellcasting
 26038 | D:14     | Found a gate to the Vaults.
 26269 | D:14     | Reached XP level 16. HP: 90/90 MP: 23/36
 26285 | D:14     | Reached skill level 15 in Spellcasting
 26311 | D:14     | Noticed Azrael
 26480 | D:14     | Killed Azrael
 27011 | D:15     | Entered Level 15 of the Dungeon
 27036 | D:15     | Reached skill level 10 in Necromancy
 27283 | D:15     | Noticed Koud Lun's ghost (adept DjCj)
 27345 | D:15     | Found a runed translucent gate.
 27345 | D:15     | Found a runed translucent gate.
 27345 | D:15     | Found a runed translucent gate.
 27588 | D:15     | Found a staircase to the Depths.
 28488 | D:15     | Learned a level 7 spell: Haunt
 28683 | Snake:1  | Entered Level 1 of the Snake Pit
 28861 | Snake:1  | Noticed Donald
 28870 | Snake:1  | Killed Donald
 29378 | Snake:1  | Found Lauciudd's General Store.
 29383 | Snake:1  | Bought a scroll of fear for 72 gold pieces
 30834 | Snake:3  | Found a runed translucent gate.
 30834 | Snake:3  | Found a runed translucent gate.
 30834 | Snake:3  | Found a runed translucent gate.
 30835 | Snake:3  | Noticed Ofax's ghost (adept VSFi)
 30855 | Snake:3  | Reached XP level 17. HP: 93/93 MP: 15/38
 32278 | Snake:2  | Reached skill level 16 in Spellcasting
 32492 | Snake:4  | Entered Level 4 of the Snake Pit
 32505 | Snake:4  | Noticed Saint Roka
 32801 | Snake:4  | Killed Saint Roka
 32990 | Snake:4  | Got Sif Muna's Spellbook of Metamorphosis
 33697 | Snake:4  | Reached skill level 15 in Dodging
 34151 | Snake:4  | Found a shimmering altar of Xom.
 34226 | Snake:4  | Identified the -1 helmet "Ciucewiexa" {rF+ Stlth+}
 34347 | Snake:4  | Noticed Aizul
 34368 | Snake:4  | Killed Aizul
 34612 | Snake:4  | Reached skill level 1 in Shields
 35776 | Snake:4  | Reached skill level 5 in Shields
 35900 | Snake:4  | Got a serpentine rune of Zot
 36073 | Swamp:1  | Entered Level 1 of the Swamp
 36273 | Swamp:1  | Reached skill level 1 in Earth Magic
 36300 | Swamp:1  | Reached skill level 1 in Transmutations
 36567 | Swamp:1  | Reached XP level 18. HP: 57/102 MP: 21/40
 36829 | Swamp:1  | Got the Elucidation of Summoned Hyperthermia
 37421 | Swamp:2  | Found a runed translucent gate.
 37421 | Swamp:2  | Found a runed translucent gate.
 37421 | Swamp:2  | Found a runed translucent gate.
 37421 | Swamp:2  | Noticed Qiekomn's ghost (journeyman DsBe)
 38435 | Swamp:3  | Reached skill level 5 in Transmutations
 38435 | Swamp:3  | Reached skill level 5 in Earth Magic
 38617 | Swamp:3  | Reached XP level 19. HP: 106/106 MP: 41/41
 38938 | Swamp:3  | Noticed Mlioglotl
 38944 | Swamp:3  | Killed Mlioglotl
 39176 | Swamp:3  | Acquired a staff of death
 39178 | Swamp:3  | Acquired the Disquisition on the Gusty Band
 39476 | Swamp:4  | Entered Level 4 of the Swamp
 40601 | Swamp:4  | Noticed the 27-headed Lernaean hydra
 40616 | Swamp:4  | Killed the 27-headed Lernaean hydra
 40873 | Swamp:4  | Identified the +10 arbalest of the Ring {penet, Int+4}
 40899 | Swamp:4  | Got a decaying rune of Zot
 41285 | Vaults:1 | Entered Level 1 of the Vaults
 41307 | Vaults:1 | Reached skill level 10 in Transmutations
 41307 | Vaults:1 | Reached skill level 10 in Earth Magic
 41404 | D:14     | Learned a level 6 spell: Statue Form
 41646 | Vaults:1 | Found a magical portal.
 41663 | WizLab   | Entered Tukima's Studio
 42170 | WizLab   | Noticed Flugkiller's illusion
 42259 | WizLab   | Identified the +2 hat of the Sacrificial Victim {Fly rCorr
                  | Str-5}
 42269 | WizLab   | Noticed Flugkiller's illusion
 42329 | WizLab   | Reached XP level 20. HP: 58/111 MP: 6/42
 42352 | WizLab   | Reached skill level 17 in Spellcasting
 42615 | WizLab   | Noticed Flugkiller's illusion
 42711 | WizLab   | Identified the +1 cloak of Dishonesty {+Blink rC+ rCorr
                  | Int-2}
 42717 | WizLab   | Got the Quarto of Jinxing
 43586 | Vaults:1 | Identified the +2 whip of the Spheres {drain, Int+3 Dex+5}
 43754 | Vaults:1 | Reached skill level 18 in Spellcasting
 45205 | Vaults:2 | Reached skill level 19 in Spellcasting
 45711 | Vaults:2 | Found a staircase to the Crypt.
 45727 | Vaults:2 | Mangled by a vampire knight

Illustrated notes

Levels and vault maps discovered:
D:1:      saegor_arrival_simple_d, layout_basic
D:2:      layout_basic, serial_shops, nicolae_shop_trees, nrook_campfire
D:3:      minmay_skewed_foursquare, layout_basic,
          mainiacjoe_overflow_small_starburst, okawaru_metal_pillars_3,
          kiku_gazebo_pond_becter, shapermc_ecumenical_altar_venn,
          nicolae_elevator_lobby_plus
D:4:      layout_cave_pods, eat_drink_and_be_merry_uskayaw,
          minmay_temple_entry_sparse_star, serial_shops, nicolae_stop_n_shop_2,
          uniq_menkaure
D:5:      layout_loops_ring, hellmonk_ghost_happy_afterlife, serial_shops, shop
D:6:      layout_basic, minmay_misc_feat_room
D:7:      layout_basic, dreamdust_gnoll_shepherd
D:8:      layout_loops_ring, enter_bailey_8, gammafunk_ghost_ooze
D:9:      layout_rooms, lemuel_coloured_pillars_altar
D:10:     layout_basic, grunt_temple_overflow_lords_of_destruction,
          nicolae_qazlal_general_emergency, david_orc_5, hex_medium, st_stairs_1
D:11:     layout_cross, dpeg_lair_monsters, uniq_harold
D:12:     layout_basic, portal_ice_cave_demonic_guard,
          nicolae_trove_entry_path_of_doom, minmay_variable_closet,
          minmay_misc_feat_cross, item_on_display_a, uniq_kirke, uniq_sonja
D:13:     layout_irregular_city, gauntlet_entry_generic, minmay_nine_imps
D:14:     layout_grid_maze, erik_vaults_2, gammafunk_ghost_wrathful_warriors,
          uniq_azrael
D:15:     hangedman_depths_entry_civil_slaughter, layout_loops_ring,
          kennysheep_pointless_box, serial_demonic, serial_demonic_f,
          serial_demonic_g, serial_demonic_c, serial_demonic_e,
          maelrawn_ghost_gauntlet_escape, minivault_16
Temple:   jpeg_temple_clearing
Lair:1:   layout_cave_shapes, lemuel_fruit_tree, grunt_megastairs_3
Lair:2:   layout_layer_cave, dummy_snake_entry, serial_bayou_shore_a,
          serial_bayou_shore_b, uniq_amaemon
Lair:3:   layout_loops_ring, minmay_swamp_entry_worms, special_room
          [special_room_mythical_zoo], lemuel_fruit_fields, lemuel_fruit_fields,
          uniq_gastronok
Lair:4:   layout_cave_pods, minmay_hedge_maze, kennysheep_basilisk_garden,
          grunt_megastairs_4
Lair:5:   due_jungle_book, layout_loops_ring, dpeg_slime_entry_enclosed,
          bh_autumn_forest_stairs, grunt_megastairs_2
Swamp:1:  layout_basic_swamp, wheals_swamp_sinkhole
Swamp:2:  layout_basic_swamp, gammafunk_ghost_necromancy,
          hangedman_swamp_blocks, swamp_pool4, infiniplex_staircase_pool_2
Swamp:3:  layout_falls_marsh, evilmike_swamp_ruin_wall, uniq_mlioglotl
Swamp:4:  grunt_swamp_rune_castle, layout_basic_swamp
Snake:1:  layout_gridlike, serial_shops, nicolae_diamond_shop,
          nicolae_snake_double_loop, uniq_donald
Snake:2:  layout_basic
Snake:3:  nrook_guardian_serpent_snake_passage, layout_basic,
          ebering_ghost_rock_garden
Snake:4:  grunt_snake_rune_pools, layout_onion, basic_altar,
          nicolae_coiled_stairwell_up, uniq_aizul, uniq_saint_roka
Orc:1:    layout_diamond_mine
Orc:2:    grunt_orc_community_town_hall, layout_caves,
          grunt_orc_community_big_house_1, grunt_orc_community_big_house_2,
          grunt_orc_community_house_1, grunt_orc_community_house_1,
          grunt_orc_community_house_2, grunt_orc_community_house_1,
          grunt_orc_community_house_1, lightli_orcish_oven
Vaults:1: infiniplex_enter_wizlab_glasses, vaults_room_grid,
          vaults_room_fancy_cross, ontoclasm_vaults_fault, v_misc_10, v_misc_26,
          layout_vaults_chaotic_city
Vaults:2: vaults_room_pool, nicolae_vaults_network_periphery,
          minmay_crypt_entry_simple_round, vaults_dpeg_cross,
          vaults_standard_mumra_x, nicolae_vaults_circle_grid_b,
          hangedman_vaults_corner_blocks, v_alt_pattern_4,
          dpeg_vaults_monster_box, nicolae_vaults_little_ls, grunt_vaults_focal,
          ontoclasm_vaults_loading_screen, ontoclasm_vaults_shuriken,
          layout_vaults_maze_snakey, serial_shops, nicolae_shop_waterfront,
          uniq_frederick

Skill      XL: |  1  2  3  4  5  6  7  8  9 10 11 12 13 14 15 16 17 18 19 20 |
---------------+-------------------------------------------------------------+-----
Dodging        | 3 4 6 8 11 12 13 15 | 15.0
Fighting       | 3 4 6 8 10 11 13 | 13.0
Spellcasting   | 1 3 5 6 8 11 12 14 15 16 19 | 19.3
Hexes          | 1 2 4 5 8 10 11 | 11.0
Summonings     | 2 3 4 6 9 10 11 13 15 16 18 | 18.4
Invocations    | 1 3 4 6 10 | 10.0
Evocations     | 4 6 7 8 |  8.0
Translocations | 5 |  5.0
Necromancy     | 8 14 | 14.0
Shields        | 5 |  5.0
Earth Magic    | 2 6 10 | 10.0
Transmutations | 2 6 10 | 10.0
Short Blades   | |  2.0
Stealth        | |  6.0

Action                     |  1- 3 |  4- 6 |  7- 9 | 10-12 | 13-15 | 16-18 | 19-21 || total
---------------------------+-------+-------+-------+-------+-------+-------+-------++-------
  Melee: Short sword       |    70 |       |       |       |       |       |       ||    70
         Dagger            |    28 |     1 |    28 |     8 |       |       |       ||    65
         Punch             |     2 |       |       |     1 |     1 |       |       ||     4
         Falchion          |       |       |       |    31 |    45 |    40 |     3 ||   119
         Staff             |       |       |       |       |       |       |    67 ||    67
  Throw: Throwing net      |       |       |       |     2 |       |       |       ||     2
         Dart              |       |       |       |     1 |       |       |       ||     1
   Cast: Summon Mana Viper |       |       |     2 |    53 |    63 |    64 |     1 ||   183
         Summon Forest     |       |       |       |    16 |    61 |    62 |     6 ||   145
         Summon Cactus Gia |       |       |       |    23 |   118 |    83 |     3 ||   227
         Haunt             |       |       |       |       |       |    96 |   162 ||   258
         Statue Form       |       |       |       |       |       |       |     7 ||     7
 Invoke: Ancestor Identity |     1 |       |       |       |       |       |       ||     1
         Recall Ancestor   |     2 |     2 |     7 |     1 |     2 |       |       ||    14
         Ancestor Life: Ba |     1 |       |       |       |       |       |       ||     1
         Idealise          |       |       |       |       |     3 |     6 |     6 ||    15
         Transference      |       |       |       |       |       |       |     1 ||     1
  Evoke: Wand              |       |       |       |       |     2 |     2 |     3 ||     7
         Condenser vane    |       |       |       |       |     1 |     2 |     1 ||     4
    Use: Scroll            |     6 |     3 |     5 |     9 |    10 |     8 |     8 ||    49
         Potion            |       |       |       |     3 |     3 |     7 |     2 ||    15
   Stab: Sleeping          |     5 |       |       |       |       |       |       ||     5
         Distracted        |       |       |       |     1 |       |       |     5 ||     6
 Armour: Leather armour    |    26 |     1 |    10 |       |       |       |       ||    37
         Steam dragon scal |       |       |       |    18 |    27 |       |       ||    45
         Troll leather arm |       |       |       |       |    10 |    28 |     8 ||    46
         Skin              |       |       |       |       |       |       |    59 ||    59
         Swamp dragon scal |       |       |       |       |       |       |    11 ||    11
  Dodge: Dodged            |    74 |     3 |    18 |    82 |   215 |   279 |   302 ||   973
  Block: Buckler           |       |       |       |       |    17 |    71 |    98 ||   186

Table legend: (Time is in decaauts)
 A = Elapsed time spent in this place.
 B = Non-inter-level travel time spent in this place.
 C = Inter-level travel time spent in this place.
 D = Time resting spent in this place.
 E = Time spent auto-exploring this place.
 F = Levels seen in this place.
 G = Mean time per level.
                   A        B        C        D        E       F      G
               +--------+--------+--------+--------+--------+-----+--------+
         Total |  46311 |  43720 |   2591 |  12325 |  20107 |  37 | 1251.6 |
       Dungeon |  18558 |  17180 |   1378 |   2941 |   9554 |  15 | 1237.2 |
        Temple |    102 |     68 |     34 |      0 |     45 |   1 |  102.0 |
          Lair |   7265 |   6832 |    433 |   1569 |   3841 |   5 | 1453.0 |
         Swamp |   5072 |   4908 |    164 |   1891 |   1858 |   4 | 1268.0 |
     Snake Pit |   7383 |   6978 |    405 |   3030 |   2452 |   4 | 1845.8 |
  Orcish Mines |   1667 |   1560 |    107 |    331 |    684 |   2 |  833.5 |
        Vaults |   3225 |   3157 |     68 |   1301 |   1059 |   2 | 1612.5 |
        Bailey |    396 |    396 |      0 |    141 |     72 |   1 |  396.0 |
      Ice Cave |    845 |    845 |      0 |    326 |    214 |   1 |  845.0 |
        Wizlab |   1150 |   1150 |      0 |    650 |     97 |   1 | 1150.0 |
      Gauntlet |    643 |    643 |      0 |    144 |    229 |   1 |  643.0 |
               +--------+--------+--------+--------+--------+-----+--------+

Top non-repeatable levels by time:
 Snake:4: 2707 daAuts
  Lair:5: 2374 daAuts
Vaults:1: 2032 daAuts
 Snake:3: 1987 daAuts
     D:6: 1853 daAuts
     D:5: 1805 daAuts
 Swamp:2: 1685 daAuts
 Swamp:4: 1623 daAuts
     D:7: 1604 daAuts
    D:15: 1545 daAuts
 Snake:2: 1496 daAuts
  Lair:3: 1486 daAuts
    D:14: 1458 daAuts
  Lair:2: 1340 daAuts
     D:1: 1322 daAuts
